 Dungeon Crawl Stone Soup version 0.18-a0-1285-g60d00e1 (webtiles) character file.

355 ololoev the Conjurer (level 6, -3/32 HPs)
             Began as a Deep Elf Fire Elementalist on Feb 8, 2016.
             Slain by a gnoll
             ... wielding a cursed -2 flail
              (12 damage)
             ... on level 5 of the Dungeon.
             The game lasted 00:07:53 (826 turns).

ololoev the Conjurer (Deep Elf Fire Elementalist)    Turns: 826, Time: 00:07:53

Health: -3/32      AC:  3    Str:  5    XL:     6   Next: 36%
Magic:  2/15       EV: 13    Int: 27    God:
Gold:   60         SH:  0    Dex: 15    Spells: 4 memorised, 4 levels left

rFire  . . .     SeeInvis .     d - +1 dagger (elec)
rCold  . . .     Gourm    .     a - +0 robe
rNeg   . . .     Faith    .     (no shield)
rPois  .         Spirit   .     g - +0 helmet
rElec  .         Dismiss  .     (no cloak)
rCorr  .         Reflect  .     (no gloves)
SustAt .         Harm     .     (no boots)
MR     .....                    (no amulet)
Stlth  ++........               (no ring)
                                o - +5 ring of intelligence

@: not resistant to hostile enchantments, unstealthy
A: no striking features
a: no special abilities

Inventory:

Hand Weapons
 d - a +1 dagger of electrocution (weapon)
Armour
 a - a +0 robe (worn)
 g - a +0 helmet (worn)
Jewellery
 o - a +5 ring of intelligence (left hand)
Wands
 k - a wand of slowing (5/48)
Scrolls
 i - 2 scrolls of recharging {unknown}
 j - a scroll of immolation {unknown}
 m - a scroll of teleportation {unknown}
 n - a scroll of fear {unknown}
Potions
 e - a potion of flight {unknown}
 f - a potion of ambrosia {unknown}
 l - a potion of brilliance {unknown}
 p - a potion of agility {unknown}
Books
 b - a book of Flames

   Spells                             Type                      Level
   a - Flame Tongue                   Conjuration/Fire             1
   b - Throw Flame                    Conjuration/Fire             2
   c - Conjure Flame                  Conjuration/Fire             3
   d - Inner Flame                    Hexes/Fire                   3
   e - Sticky Flame                   Conjuration/Fire             4
   f - Fireball                       Conjuration/Fire             5
Comestibles
 c - 4 bread rations
 h - a chunk of flesh


   Skills:
 - Level 2.4 Dodging
 - Level 2.4 Stealth
 + Level 5.0 Spellcasting
 * Level 5.1 Conjurations
 + Level 4.9 Fire Magic


You had 4 spell levels left.
You knew the following spells:

 Your Spells              Type           Power        Failure   Level  Hunger
a - Flame Tongue          Conj/Fire      ####.        1%          1    None
b - Conjure Flame         Conj/Fire      ####....     2%          3    #......
c - Sticky Flame          Conj/Fire      ####....     12%         4    ###....
e - Inner Flame           Hex/Fire       ###.....     10%         3    #......


You were on level 5 of the Dungeon.
You were not hungry.

You visited 1 branch of the dungeon, and saw 5 of its levels.

You collected 60 gold pieces.

# .. ... # ....
#. ##.....
o####.####...#...
..o.....<<.......
######@#.####...
#g..# #g.## #..#
#..# #..# #..#
#... ....

Notes
Turn   | Place    | Note
--------------------------------------------------------------
     0 | D:1      | ololoev the Deep Elf Fire Elementalist began the quest for the Orb.
     0 | D:1      | Reached XP level 1. HP: 10/10 MP: 6/6
   146 | D:3      | Reached XP level 2. HP: 15/15 MP: 5/8
   180 | D:4      | Noticed an ogre
   261 | D:3      | Noticed a black bear
   312 | D:4      | Noticed Menkaure
   371 | D:3      | Noticed Terence
   383 | D:3      | Killed Terence
   383 | D:3      | Reached XP level 3. HP: 15/19 MP: 6/10
   389 | D:3      | Learned a level 3 spell: Conjure Flame
   393 | D:3      | Learned a level 3 spell: Inner Flame
   462 | D:3      | Reached skill level 4 in Fire Magic
   462 | D:3      | Reached XP level 4. HP: 7/24 MP: 8/11
   551 | D:5      | Entered Level 5 of the Dungeon
   562 | D:5      | Noticed skk's ghost (novice HaAs)
   565 | D:5      | Learned a level 4 spell: Sticky Flame
   630 | D:4      | Reached XP level 5. HP: 23/28 MP: 9/13
   653 | D:5      | Noticed a black bear
   654 | D:5      | Noticed a phantom
   661 | D:5      | Killed a black bear
   692 | D:5      | Killed a phantom
   692 | D:5      | Reached skill level 5 in Conjurations
   692 | D:5      | Reached XP level 6. HP: 27/32 MP: 1/15
   768 | D:5      | Reached skill level 5 in Spellcasting
   826 | D:5      | Slain by a gnoll

Dungeon Overview and Level Annotations

Branches:
Dungeon (5/15)
 Temple: D:4-7

Altars:

Annotations:
D:4 Menkaure
D:5 skk's ghost, novice HaAs


Message History

The flame tongue hits the gnoll.
The gnoll is lightly wounded.
The gnoll shouts!
Casting: Flame Tongue
Confirm with . or Enter, or press ? or * to list all spells.
Aiming: Flame Tongue
Press: ? - help, Shift-Dir - straight line, f/p - gnoll
Aim: a gnoll, wielding a halberd (lightly wounded)
The flame tongue hits the gnoll.
The gnoll is moderately wounded.
The gnoll hits you from afar with a halberd!
Casting: Flame Tongue
Confirm with . or Enter, or press ? or * to list all spells.
Aiming: Flame Tongue
Press: ? - help, Shift-Dir - straight line, f/p - gnoll
Aim: a gnoll, wielding a halberd (moderately wounded)
The flame tongue hits the gnoll.
The gnoll is severely wounded.
The gnoll misses you.
Casting: Flame Tongue
Confirm with . or Enter, or press ? or * to list all spells.
Aiming: Flame Tongue
Press: ? - help, Shift-Dir - straight line, f/p - gnoll
Aim: a gnoll, wielding a halberd (severely wounded)
The flame tongue hits the gnoll.
The gnoll is heavily wounded.
The orc shouts!
The gnoll closely misses you. The gnoll misses you.
An orc priest comes into view. It is wielding a short sword.
Casting: Flame Tongue
Confirm with . or Enter, or press ? or * to list all spells.
Aiming: Flame Tongue
Press: ? - help, Shift-Dir - straight line, f/p - gnoll
Aim: a gnoll, wielding a halberd (severely wounded)
The flame tongue hits the gnoll.
The gnoll is heavily wounded.
The orc priest shouts!
The orc priest invokes the aid of Beogh against you.
Something smites you! The gnoll hits you with a flail!
You die...

You could see an orc priest, 2 gnolls and an orc.

Vanquished Creatures
  A phantom (D:5)
  A black bear (D:5)
  A hound (D:4)
  Terence (D:3)
  A worker ant (D:4)
  A hound skeleton (D:5)
  4 gnolls (D:5)
  An adder (D:3)
  An ooze (D:3)
  2 worms
  A giant gecko (D:1)
  7 orcs (D:3)
  2 giant cockroaches (D:3)
  2 goblins
  A quokka (D:3)
  A ball python (D:4)
  2 bats
  2 giant newts (D:3)
  A kobold (D:3)
33 creatures vanquished.

Action                   |  1- 3 |  4- 6 || total
-------------------------+-------+-------++-------
Melee: Dagger            |    56 |     8 ||    64
 Cast: Flame Tongue      |    29 |    33 ||    62
       Conjure Flame     |       |     2 ||     2
       Inner Flame       |       |     1 ||     1
Evoke: Wand              |     2 |     2 ||     4
 Stab: Sleeping          |     5 |     1 ||     6

Vault maps used:
D:1:      dpeg_arrival_windows_large_door, feat_on_display
D:3:      first_bread, hangedman_abyss_or_decor_stabs, uniq_terence, uniq_robin
D:4:      uniq_blork_the_orc, uniq_menkaure, uniq_eustachio
D:5:      lemuel_zombie_altar_yredelemnul, moated_statue
